 Dungeon Crawl Stone Soup version 0.31-a0-1388-g4b2ba238e7 (webtiles) character file.

Game seed: 13318603317274854305

536674 shadizar the Metallomancer (level 25, -13/159 HPs)
             Began as a Gargoyle Earth Elementalist on Dec 23, 2023.
             Was the Champion of Vehumet.
             Mangled by a caustic shrike zombie (16 damage)
             ... on level 2 of the Tomb of the Ancients on Dec 24, 2023.
             The game lasted 05:16:45 (76013 turns).

shadizar the Metallomancer (GrEE)                  Turns: 76013, Time: 05:16:45

Health: -13/159    AC: 44    Str: 12 (15) XL:     25   Next: 83%
Magic:  5/45       EV: 17    Int: 27 (30) God:    Vehumet [******]
Gold:   8337       SH:  5    Dex: 20 (21) Spells: 8/60 levels left

rFire   . . .        O - +6 mace of Beastly Indomitability {venom, *Rage Will+++ Dex-2 SInv}
rCold   . . .        g - sphere of Battle
rNeg    + + +        H - quicksilver dragon scales of Jyddarue {Will+ Slay+3}
rPois   ∞            k - +1 helmet of Experimentation {Regen+ Int-2 Dex+6}
rElec   +            j - +1 cloak
rCorr   +            Y - +1 pair of gloves of Veza {rPois rN+++ Str-2 Int-2}
SInv    +            D - +0 pair of boots
Will    +++++        L - amulet "Puyf" {Reflect Slay+5 SH+5}
Stlth   +++          K - ring of Hoettet {rN+ Str+4 Int+6 Dex+2}
HPRegen 1.26/turn    Q - ring "Nagoh" {rN+ rCorr Str-4 Int+2 Dex+6}
MPRegen 0.29/turn

%: random rage (20%), reflection
@: about to teleport, flying, slightly contaminated, slowed, studying Axes, very
slow
A: sickness immunity, AC +19, big wings, negative energy resistance 1,
electricity resistance, torment resistance 1, petrification resistance,
deterioration 2, strong 1, persistent drain
}: 3/15 runes: serpentine, barnacled, silver
a: Renounce Religion


You were on level 2 of the Tomb of the Ancients.
You worshipped Vehumet.
Vehumet was exalted by your worship.
You visited 11 branches of the dungeon, and saw 46 of its levels.
You visited the Abyss 1 time.
You also visited: Sewer, Ossuary, Gauntlet, Ice Cave and Wizlab.

You collected 10080 gold pieces.
You spent 1743 gold pieces at shops.

Inventory:

Hand Weapons
 p - the +9 morningstar "Bustrinie" {freeze, rC+ Str+2}
   (You took it off a kobold brigand on level 9 of the Dungeon)

   Str+2:     It affects your strength (+2).
   rC+:       It protects you from cold.
 r - the +8 demon blade "Leech" {evervamp, Harm ^Drain rN+}
   (You found it on level 3 of the Crypt)

   rN+:       It protects you from negative energy.
   ^Drain:    It drains your maximum health when unequipped.
   Harm:      It increases damage dealt and taken.
 N - the +9 mace of Efar {drain, rF+ rC- Stlth+}
   (You took it off a vault warden on level 4 of the Vaults)

   rF+:       It protects you from fire.
   rC-:       It makes you vulnerable to cold.
   Stlth+:    It makes you more stealthy.
 O - the +6 mace of Beastly Indomitability (weapon) {venom, *Rage Will+++ Dex-2 SInv}
   (You took it off a deep elf high priest on level 3 of the Elven Halls)

   Dex-2:     It affects your dexterity (-2).
   Will+++:   It greatly increases your willpower.
   SInv:      It lets you see invisible.
   *Rage:     It berserks you when you make melee attacks (+20% chance).
Missiles
 c - 330 stones
 h - 63 boomerangs
Armour
 g - the sphere of Battle (worn)
   (You found it on level 9 of the Dungeon)

   Battle:    It summons a battlesphere in combat, with strength depending on
   Conjurations skill.
   Destructive: It enhances your destructive magic, and weakens non-destructive
   magic.
 j - a +1 cloak (worn)
 k - the +1 helmet of Experimentation (worn) {Regen+ Int-2 Dex+6}
   (You found it on level 3 of the Lair of Beasts)

   Int-2:     It affects your intelligence (-2).
   Dex+6:     It affects your dexterity (+6).
   Regen+:    It increases your rate of health regeneration.
 D - a +0 pair of boots (worn)
 H - the quicksilver dragon scales of Jyddarue (worn) {Will+ Slay+3}
   (You bought it in a shop on level 15 of the Dungeon)

   Slay+3:    It affects your accuracy & damage with ranged weapons and melee
   (+3).
   Will+:     It increases your willpower.
 S - the +1 robe "Ajifyig" {Regen+ SInv Archmagi}
   (You found it on level 4 of the Shoals)

   SInv:      It lets you see invisible.
   Regen+:    It increases your rate of health regeneration.
   Archmagi:  It increases the power of your magical spells.
 Y - the +1 pair of gloves of Veza (worn) {rPois rN+++ Str-2 Int-2}
   (You acquired it on level 2 of the Vaults)

   Str-2:     It affects your strength (-2).
   Int-2:     It affects your intelligence (-2).
   rPois:     It protects you from poison rN+++: It renders you almost immune to
   negative energy.
Magical Staves
 i - a staff of earth
 A - the staff of Qefregody {rC+ Dex+3 Conj Alchemy}
   (You found it on level 3 of the Elven Halls)

   [staff of conjuration]

   Base accuracy: +5 Base damage: 5 Base attack delay: 1.2 This weapon's minimum
   attack delay (0.6) is reached at skill level 12.
   Dex+3:     It affects your dexterity (+3).
   rC+:       It protects you from cold.
   Conj:      It increases the power of your Conjurations spells.
   Alchemy:   It increases the power of your Alchemy spells.
   It falls into the 'Staves' category.
   It is a one-handed weapon.
Jewellery
 a - the ring "Malaacyl" {rF+ rN+ Dex+6 Stlth+}
   (You found it on level 3 of the Crypt)

   [ring of positive energy]

   Dex+6:     It affects your dexterity (+6).
   rF+:       It protects you from fire.
   rN+:       It protects you from negative energy.
   Stlth+:    It makes you more stealthy.
 b - the ring "Noaczona" {Fly rC++ MP+9}
   (You took it off a deep elf blademaster on level 3 of the Elven Halls)

   [ring of flight]

   rC++:      It greatly protects you from cold.
   MP+9:      It affects your magic capacity (+9).
   Fly:       It grants you flight.
 d - the amulet "Mitygeig" {Faith ^Contam Fly rN+++ Str-5}
   (You found it on level 3 of the Vaults)

   [amulet of faith]

   Faith:     It allows you to gain divine favour quickly.
   Str-5:     It affects your strength (-5).
   rN+++:     It renders you almost immune to negative energy.
   Fly:       It grants you flight.
   ^Contam:   It causes magical contamination when unequipped.
 e - a ring of positive energy
 o - the amulet "Usesch" {Faith +Inv rPois Str+5 Dex-2}
   (You found it on level 3 of the Crypt)

   [amulet of faith]

   Faith:     It allows you to gain divine favour quickly.
   Str+5:     It affects your strength (+5).
   Dex-2:     It affects your dexterity (-2).
   rPois:     It protects you from poison +Inv: It lets you turn invisible.
 t - the ring "Maikefet" {rC+ rCorr}
   (You found it on level 3 of the Crypt)

   [ring of resist corrosion]

   rC+:       It protects you from cold.
   rCorr:     It protects you from acid and corrosion.
 w - an amulet of magic regeneration
 F - a ring of protection from fire
 I - a ring of magical power
 K - the ring of Hoettet (left hand) {rN+ Str+4 Int+6 Dex+2}
   (You found it on level 5 of the Vaults)

   [ring of intelligence]

   Str+4:     It affects your strength (+4).
   Int+6:     It affects your intelligence (+6).
   Dex+2:     It affects your dexterity (+2).
   rN+:       It protects you from negative energy.
 L - the amulet "Puyf" (around neck) {Reflect Slay+5 SH+5}
   (You took it off a minotaur in a Gauntlet)

   [amulet of reflection]

   Reflect:   It reflects blocked missile attacks.
   Slay+5:    It affects your accuracy & damage with ranged weapons and melee
   (+5).
   SH+5:      It affects your SH (+5).
 Q - the ring "Nagoh" (right hand) {rN+ rCorr Str-4 Int+2 Dex+6}
   (You found it in an ice cave)

   [ring of dexterity]

   Str-4:     It affects your strength (-4).
   Int+2:     It affects your intelligence (+2).
   Dex+6:     It affects your dexterity (+6).
   rN+:       It protects you from negative energy.
   rCorr:     It protects you from acid and corrosion.
 T - the ring of Virtue {rElec rC+ rN+ Str+3}
   (You found it on level 3 of the Crypt)

   [ring of positive energy]

   Str+3:     It affects your strength (+3).
   rC+:       It protects you from cold.
   rElec:     It insulates you from electricity.
   rN+:       It protects you from negative energy.
Wands
 x - a wand of digging (25)
Scrolls
 f - 11 scrolls of teleportation
 y - 8 scrolls of fog
 B - 9 scrolls of enchant armour
 J - 4 scrolls of blinking
 X - 4 scrolls of revelation
Potions
 m - 2 potions of curing
 q - 5 potions of berserk rage
 u - 5 potions of resistance
 v - 4 potions of brilliance
 z - 4 potions of enlightenment
 E - 4 potions of cancellation
Miscellaneous
 P - a phial of floods
 W - a lightning rod (4/4)


   Skills:
 - Level 16.5 Fighting
 - Level 14.1 Maces & Flails
 - Level 16.2 Armour
 - Level 11.2 Dodging
 - Level 7.0 Stealth
 - Level 18.3 Spellcasting
 - Level 20.3 Conjurations
 - Level 6.3 Necromancy
 + Level 16.5 Fire Magic
 - Level 23.0 Earth Magic
 - Level 0.7 Alchemy


You had 8 spell levels left.
You knew the following spells:

 Your Spells              Type           Power      Damage    Failure   Level
a - Sandblast             Erth           100%       2d20      0%          1
b - Stone Arrow           Conj/Erth      100%       3d13      0%          3
c - Lee's Rapid Deconstr  Erth           61%        3d28*     0%          5
d - Orb of Destruction    Conj           58%        9d14      1%          7
e - Bombard               Conj/Erth      59%        9d10      1%          6
f - Borgnjor's Vile Clut  Necr/Erth      25%        N/A       1%          5
g - Lehudib's Crystal Sp  Conj/Erth      59%        10d14     1%          8
h - Shatter               Erth           61%        3d45*     7%          9
i - Ignition              Fire           53%        3d15      6%          8

Your spell library contained the following spells:

 Spells                   Type           Power      Damage    Failure   Level
 Maxwell's Capacitive Co  Air            18%        ∞         100%        8
 Magic Dart               Conj           100%       1d8       0%          1
 Searing Ray              Conj           100%       2d8       0%          2
 Brom's Barrelling Bould  Conj/Erth      100%       2d11      0%          4
 Freeze                   Ice            100%       1d10      1%          1
 Necrotise                Necr           100%       1d9       1%          1
 Shock                    Conj/Air       100%       1d9       1%          1
 Sting                    Conj/Alch      100%       1d9       1%          1
 Mercury Vapours          Alch/Air       80%        N/A       1%          2
 Momentum Strike          Conj/Tloc      100%       3d10      1%          2
 Passwall                 Alch/Erth      36%        N/A       1%          2
 Fugue of the Fallen      Necr           29%        N/A       1%          3
 Hailstorm                Conj/Ice       88%        3d14      1%          3
 Mephitic Cloud           Conj/Alch/Air  76%        N/A       1%          3
 Volatile Blastmotes      Fire/Tloc      100%       2d18      1%          3
 Animate Armour           Summ/Erth      86%        N/A       1%          4
 Fulminant Prism          Conj/Alch      44%        3d19      1%          4
 Ignite Poison            Fire/Alch      82%        N/A       1%          4
 Iskenderun's Mystic Bla  Conj/Tloc      88%        2d17      1%          4
 Leda's Liquefaction      Alch/Erth      22%        N/A       1%          4
 Petrify                  Alch/Erth      44%        N/A       1%          4
 Sticky Flame             Fire/Alch      35%        2d7       1%          4
 Freezing Cloud           Conj/Ice/Air   37%        6-21      1%          5
 Irradiate                Conj/Alch      44%        3d26      1%          5
 Frozen Ramparts          Ice            74%        1d12      2%          3
 Animate Dead             Necr           29%        N/A       2%          4
 Apportation              Tloc           24%        N/A       3%          1
 Summon Small Mammal      Summ           48%        N/A       3%          1
 Blink                    Tloc           24%        N/A       4%          2
 Call Imp                 Summ           24%        N/A       4%          2
 Lesser Beckoning         Tloc           24%        N/A       4%          2
 Olgreb's Toxic Radiance  Alch           43%        N/A       6%          4
 Call Canine Familiar     Summ           12%        N/A       9%          3
 Gell's Gravitas          Tloc           12%        N/A       9%          3
 Sigil of Binding         Hex            12%        N/A       9%          3
 Summon Guardian Golem    Hex/Summ       12%        N/A       9%          3
 Swiftness                Air            12%        N/A       9%          3
 Teleport Other           Tloc           12%        N/A       9%          3
 Tukima's Dance           Hex            12%        N/A       9%          3
 Airstrike                Air            18%        2d(3-19)  9%          4
 Anguish                  Hex/Necr       10%        N/A       9%          4
 Spellforged Servitor     Conj/Summ      44%        N/A       11%         7
 Yara's Violent Unravell  Hex/Alch       20%        3d9       19%         5
 Cause Fear               Hex            6%         N/A       30%         4
 Dimensional Bullseye     Hex/Tloc       6%         N/A       30%         4
 Passage of Golubria      Tloc           12%        N/A       30%         4
 Summon Ice Beast         Ice/Summ       12%        N/A       30%         4
 Summon Lightning Spire   Summ/Air       12%        N/A       30%         4
 Death Channel            Necr           14%        N/A       34%         6
 Alistair's Intoxication  Alch           9%         N/A       54%         5
 Summon Forest            Summ/Tloc      6%         N/A       63%         5
 Eringya's Noxious Bog    Alch           21%        4d6       63%         6
 Dispersal                Tloc           6%         N/A       99%         6
 Ozocubu's Refrigeration  Ice            18%        4d11      99%         7
 Enfeeble                 Hex            6%         N/A       100%        7
 Haunt                    Necr/Summ      10%        N/A       100%        7
 Malign Gateway           Summ/Tloc      6%         N/A       100%        7
 Discord                  Hex            6%         N/A       100%        8
 Summon Horrible Things   Summ           6%         N/A       100%        8
 Fire Storm               Conj/Fire      56%        8d14      36%         9
 Chain Lightning          Conj/Air       44%        3d58      100%        9
 Sublimation of Blood     Necr           Unusable   N/A       N/A         2

Dungeon Overview and Level Annotations

Branches:
Dungeon (15/15)            Temple (1/1) D:4            Lair (5/5) D:11
 Shoals (4/4) Lair:2        Snake (4/4) Lair:2        Slime (2/5) Lair:5
    Orc (2/2) D:11            Elf (3/3) Orc:2        Vaults (5/5) D:14
  Crypt (3/3) Vaults:2       Tomb (2/3) Crypt:3      Depths (0/4) D:15
  Sewer (visited)         Ossuary (visited)           IceCv (visited)
 WizLab (visited)         Gauntlet (visited)

Altars:
Ashenzari
Cheibriados
Dithmenos
Elyvilon
Fedhas
Gozag
Hepliaklqana
Kikubaaqudgha
Makhleb
Nemelex Xobeh
Okawaru
Qazlal
Ru
Sif Muna
Trog
Uskayaw
Vehumet
Wu Jian
Xom
Yredelemnul
Zin
The Shining One
Jiyva
Lugonu

Shops:
D:6 !   D:11 (   D:15 [   Orc:2 (:[(   Elf:2 :   Elf:3 *   Shoals:3 *
Vaults:1 (

Portals:
Hell: Lair:5

Annotations:
D:9 1 runed translucent door, tulseluper's ghost, novice HOFi
D:15 1 runed translucent door, Kusiby's ghost, journeyman GrEE
Lair:5 exclusion: oklob plant
Vaults:3 2 runed translucent doors, Heidiaz's ghost, adept MfBe; Ynkabiuw's ghost, adept TrCK


Innate Abilities, Weirdness & Mutations

You are immune to sickness and miasma.
Your stone body is resilient. (AC +19)
You are immune to poison.
Your large and strong wings let you fly.
You resist negative energy. (rN+)
You are resistant to electric shocks. (rElec)
You are resistant to unholy torment.
You are immune to petrification.
Your body often deteriorates upon taking damage.
Your muscles are strong. (Str +4, Int/Dex -1)
Your health recovers twice as slowly from being drained.


Message History

Casting: Shatter (dangerous; 7% risk of failure)
Confirm with . or Enter, or press ? or * to list all spells.
You feel a surge of power!
You miscast Shatter.
You are lightly contaminated with residual magic.
The floor shifts beneath you alarmingly.
The caustic shrike zombie closely misses you.
The caustic shrike zombie claws you but does no damage.
The royal mummy casts a spell.
Unknown command.
Unknown command.
Unknown command.
Unknown command.
Okay, then.
As you read the scroll of teleportation, it crumbles to dust.
You feel strangely unstable. The caustic shrike zombie claws you! x2
* * * LOW HITPOINT WARNING * * *
A mummy priest comes into view.
The royal mummy gestures wildly while chanting.
The caustic shrike zombie misses you.
The royal mummy mumbles some strange words.
The mummy priest prays to its god. x2
Unknown command.
Unknown command.
As you read the scroll of fog, it dissolves into smoke.
The death scarab bites you but does no damage. x2
The caustic shrike zombie barely misses you.
The death scarab bites you!!
* * * LOW HITPOINT WARNING * * *
Your body deteriorates!
You feel clumsy. The death scarab drains your vigour!
You feel as though you will be slow longer.
The caustic shrike zombie claws you but does no damage.
The royal mummy casts a spell at you. Something smites you!
* * * LOW HITPOINT WARNING * * *
The mummy priest mumbles some strange prayers to its god.
The mummy priest prays to its god.
The laughing skull cackles spitefully.
The bolt of negative energy hits you but does no damage.
You resist. The caustic shrike zombie claws you!
You die...

.......).......
...............
4..............
M..............
...............
..z..B.§.B.....
......BZM......
#....§@§.B.#
...$..§§§s.....
.........sM....
....*.......##.
....?....4B...
.......M3......
.....4.........
........4......


You could see 2 royal mummies, 2 emperor scorpions, 2 mummy priests, 2 ice
devils, a neqoxec (summoned), 5 death scarabs, a red devil (summoned), a chaos
spawn (summoned), a laughing skull (summoned), a caustic shrike zombie and a
friendly battlesphere.

Vanquished Creatures
  2 ancient liches
  Xtahua (Vaults:2)
  15 royal mummies
  Sojobo (Vaults:2)
  Margery (Crypt:2)
  Nikola (Shoals:1)
  A golden dragon (Vaults:5)
  A mutant beast (WizLab)
  Jorgrun (Orc:2)
  Rupert (Orc:2)
  4 tentacled monstrosities
  Asterion (Vaults:1)
  5 titans (Vaults:5)
  Zenata (Vaults:2)
  A searing wretch (Crypt:2)
  2 deep elf master archers (Elf:3)
  5 liches
  4 deep elf blademasters
  A kraken (Shoals:2)
  Gastronok (Lair:1)
  An ancient champion (Crypt:1)
  16 sphinxes
  Aizul (Elf:1)
  3 shadow dragons
  Donald (Elf:1)
  Agnes (D:14)
  3 nagarajas (Snake:4)
  4 revenants
  11 tengu reavers
  Roxanne (Snake:4)
  A storm dragon (Vaults:5)
  3 frost giants (Vaults:5)
  3 fire giants (Vaults:5)
  2 azure jellies (IceCv)
  An iron dragon (Vaults:5)
  4 rockslimes
  2 curse skulls
  A juggernaut zombie (Crypt:2)
  8 deep elf sorcerers
  17 vault wardens
  4 deep elf elementalists
  6 war gargoyles
  9 very ugly things
  9 formless jellyfish
  3 ironbound thunderhulks (Vaults:4)
  5 orc warlords
  4 ghouls
  A quicksilver ooze (IceCv)
  A caustic shrike skeleton (Crypt:3)
  22 ironbound preservers
  4 stone giants
  12 deep elf death magi
  2 deep elf demonologists (Elf:3)
  4 vampire knights (Crypt:1)
  9 deep elf annihilators
  16 dire elephants
  A minotaur (Gauntlet)
  12 merfolk impalers
  4 ettins (Vaults:5)
  9 merfolk javelineers
  2 eidola
  6 mummy priests
  An entropy weaver (Vaults:4)
  10 jiangshi
  12 yaktaur captains
  2 spriggan zombies
  4 deep elf high priests
  Harold (Orc:1)
  A rakshasa (D:14)
  A fire dragon (D:15)
  28 vault guards
  9 hydras
  5 merfolk avatars
  A peacekeeper (Vaults:4)
  6 great orbs of eyes
  2 ogre magi
  A sphinx zombie (Vaults:3)
  6 boulder beetles
  A boulder beetle (shapeshifter) (WizLab)
  2 quicksilver dragon skeletons
  2 salamander tyrants
  18 centaur warriors
  5 satyrs
  3 alligator snapping turtles
  7 ironbound frosthearts
  5 merfolk aquamancers
  10 anacondas
  30 dancing weapons
  10 naga warriors
  2 death knights (Crypt:1)
  A spriggan skeleton (Crypt:2)
  15 two-headed ogres
  A tengu warrior (D:13)
  10 death yaks
  7 death scarabs
  A deep troll earth mage (Vaults:5)
  6 radroaches (WizLab)
  9 orc high priests
  12 hell knights
  3 vampire magi (Crypt:1)
  A shock serpent (shapeshifter) (WizLab)
  Sonja (Lair:1)
  Urug (D:12)
  17 deep elf knights
  2 thrashing horrors (Gauntlet)
  15 naga sharpshooters
  11 shock serpents
  A sun demon (Lair:5)
  2 shadow wraiths
  4 skysharks
  9 sea snakes
  14 skeletal warriors
  4 salamander mystics
  A sixfirhy (Gauntlet)
  14 flayed ghosts
  A storm dragon skeleton (Crypt:1)
  A death drake (shapeshifter) (WizLab)
  A sea snake (shapeshifter) (WizLab)
  7 large abominations (WizLab)
  37 deep trolls
  8 glowing orange brains
  A glowing orange brain (shapeshifter) (WizLab)
  4 deep trolls (shapeshifter)
  4 arcanists
  5 naga ritualists
  A sun moth (shapeshifter) (WizLab)
  3 lindwurms (shapeshifter)
  A swamp dragon (shapeshifter) (Vaults:4)
  23 phantasmal warriors
  An anaconda skeleton (Tomb:1)
  14 lindwurms
  9 ironbound convokers
  21 harpies
  9 deep elf archers
  6 necromancers
  A steelbarb worm (shapeshifter) (WizLab)
  2 wolf spiders (shapeshifter) (Vaults:5)
  20 orc knights
  26 deep elf zephyrmancers
  19 deep elf pyromancers
  A manticore (shapeshifter) (WizLab)
  18 salamanders
  4 orc sorcerers
  6 cyclopes
  18 fauns
  2 fauns (shapeshifter) (WizLab)
  2 shining eyes
  37 ugly things
  12 mana vipers
  A cyclops (shapeshifter) (Vaults:4)
  23 manticores
  A centaur zombie (Tomb:2)
  An iron dragon skeleton (Crypt:3)
  2 frost giant skeletons
  A black mamba (shapeshifter) (WizLab)
  11 elephants
  An elephant (shapeshifter) (Vaults:5)
  A human skeleton (Vaults:1)
  4 kobold blastminers (Orc:1)
  34 black mambas
  8 merfolk sirens
  2 ice statues (IceCv)
  2 draconian skeletons (Crypt:2)
  3 water nymphs
  8 guardian serpents
  15 naga magi
  18 vault sentinels
  2 torpor snails (shapeshifter)
  4 smoke demons (Crypt:3)
  6 gargoyles
  11 cane toads
  2 centaur skeletons
  An unseen horror (shapeshifter) (WizLab)
  An unseen horror (D:9)
  A steelbarb worm zombie (Crypt:1)
  An orange demon (Lair:5)
  10 komodo dragons
  10 kobold demonologists
  An ice devil (Lair:5)
  9 guardian mummies
  A catoblepas skeleton (Crypt:2)
  7 freezing wraiths
  3 tengu conjurers
  9 rime drakes
  A yaktaur zombie (Vaults:1)
  32 yaktaurs
  Psyche (D:8)
  9 red devils
  A harpy zombie (Tomb:1)
  2 polar bears (shapeshifter) (WizLab)
  A merfolk (shapeshifter) (WizLab)
  2 hydra zombies
  5 trolls
  Grinder (D:5)
  A hellwing (Lair:5)
  27 merfolk
  A wind drake (shapeshifter) (Vaults:4)
  9 wind drakes
  A tarantella (Vaults:4)
  13 snapping turtles
  A stone giant simulacrum (Vaults:3)
  4 glass eyes (WizLab)
  21 blink frogs
  9 dream sheep
  A boulder beetle zombie (Crypt:2)
  A glass eye (shapeshifter) (WizLab)
  A snapping turtle (shapeshifter) (WizLab)
  69 slime creatures
  A radroach zombie (Crypt:1)
  Sigmund (D:3)
  6 shadows
  A spriggan (shapeshifter) (D:13)
  8 small abominations
  12 water elementals
  14 wraiths
  A wyvern (shapeshifter) (Vaults:5)
  2 wargs (Orc:1)
  45 yaks
  4 wyverns
  A tyrant leech zombie (Crypt:2)
  A black mamba skeleton (Crypt:1)
  2 fire elementals (Elf:2)
  12 ushabtiu
  A basilisk (shapeshifter) (WizLab)
  An iron golem (WizLab)
  A redback (shapeshifter) (WizLab)
  2 steam dragons
  2 basilisks
  2 glowing shapeshifter zombies (Vaults:1)
  2 redbacks (Vaults:4)
  3 swamp worms (shapeshifter) (WizLab)
  44 nagas
  4 vampire mosquitoes (D:12)
  A merfolk zombie (Crypt:1)
  4 hell hounds (Lair:5)
  An acid dragon (D:11)
  6 great orb of eyes simulacra (IceCv)
  11 water moccasins
  A glowing shapeshifter skeleton (Vaults:3)
  A demonspawn skeleton (Crypt:2)
  40 orc warriors
  A sky beast (D:6)
  2 ice beasts
  2 black bears
  11 ogres
  3 laughing skulls (Gauntlet)
  4 boggarts
  6 wolves (Lair:2)
  7 centaurs
  A lindwurm skeleton (Crypt:2)
  2 slime creature simulacra (IceCv)
  6 kobold brigands
  3 phantoms
  15 bullfrogs
  2 necrophages
  An earth elemental (Elf:3)
  6 scorpions
  4 glowing shapeshifter simulacra (IceCv)
  9 wights
  A wolf zombie (Crypt:1)
  7 howler monkeys
  An electric eel (D:11)
  A crimson imp (D:4)
  48 orc priests
  10 jellies
  5 hounds
  A bullfrog skeleton (Crypt:1)
  A gnoll bouda (D:5)
  30 orc wizards
  6 scorpion zombies (Ossuary)
  Natasha (D:3)
  An iguana (D:4)
  7 shapeshifter simulacra (IceCv)
  An acid dragon skeleton (Crypt:2)
  35 mummies
  31 gnolls
  11 adders
  2 shadow imps
  2 bombardier beetles
  2 white imps
  4 ufetubi (Gauntlet)
  A lava snake zombie (Crypt:1)
  3 adder zombies (Ossuary)
  A worm (shapeshifter) (WizLab)
  5 worms
  3 dart slugs (D:1)
  109 orcs
  12 endoplasms
  4 giant cockroaches
  2 gnoll zombies (Ossuary)
  10 goblins
  7 hobgoblins
  16 jackals (D:5)
  3 quokkas
  9 ball pythons
  4 bats
  8 frilled lizards
  A goblin zombie (Crypt:1)
  24 kobolds
  6 kobold zombies (Ossuary)
  2 rats
  A river rat zombie (Crypt:1)
  2 tentacles (Shoals:4)
2144 creatures vanquished.

Vanquished Creatures (others)
  A kraken (Shoals:4)
  A vampire (D:12)
  A fire bat (Abyss:4)
  2 chaos spawn (Abyss:4)
  7 starspawn tentacles (Abyss:4)
  40 tentacles
52 creatures vanquished.

Grand Total: 2196 creatures vanquished

Notes
Turn   | Place    | Note
-------+----------+-------------------------------------------
     0 | D:1      | shadizar the Gargoyle Earth Elementalist began the quest
                  | for the Orb.
     0 | D:1      | Reached XP level 1. HP: 10/10 MP: 3/3
   367 | D:1      | Reached XP level 2. HP: 16/16 MP: 3/5
   550 | D:1      | Reached skill level 1 in Fighting
   587 | D:1      | Reached skill level 4 in Earth Magic
   684 | D:1      | Found a faded altar of an unknown god.
   697 | D:1      | Reached XP level 3. HP: 20/20 MP: 3/6
  1625 | D:2      | Reached XP level 4. HP: 22/25 MP: 3/7
  1852 | D:2      | Reached skill level 5 in Earth Magic
  1852 | D:2      | Reached XP level 5. HP: 29/29 MP: 3/9
  2431 | D:2      | Found a basalt altar of Yredelemnul.
  2952 | D:3      | Noticed Natasha
  2955 | D:3      | Killed Natasha
  3077 | D:3      | Found a radiant altar of Vehumet.
  3079 | D:3      | Noticed Sigmund
  3083 | D:3      | Became a worshipper of Vehumet
  3118 | D:3      | Killed Sigmund
  3119 | D:3      | Reached skill level 6 in Earth Magic
  3119 | D:3      | Reached XP level 6. HP: 19/34 MP: 6/12
  3500 | D:4      | Found a glowing drain.
  3512 | Sewer    | Entered a sewer
  3698 | Sewer    | Reached XP level 7. HP: 38/38 MP: 10/14
  3723 | Sewer    | Found a viscous altar of Jiyva.
  3840 | D:4      | Reached skill level 7 in Earth Magic
  3882 | D:4      | Reached * piety under Vehumet
  3882 | D:4      | Offered knowledge of Freeze by Vehumet.
  3890 | D:4      | Learned a level 3 spell: Stone Arrow
  3922 | D:4      | Reached skill level 5 in Spellcasting
  4239 | D:4      | Reached skill level 1 in Conjurations
  4321 | D:4      | Found a staircase to the Ecumenical Temple.
  4762 | D:4      | Reached XP level 8. HP: 43/43 MP: 13/16
  4982 | D:4      | Reached skill level 8 in Earth Magic
  5223 | Temple   | Entered the Ecumenical Temple
  5263 | D:5      | Entered Level 5 of the Dungeon
  5316 | D:5      | Found a sand-covered staircase.
  5325 | Ossuary  | Entered an ossuary
  5365 | Ossuary  | Reached ** piety under Vehumet
  5365 | Ossuary  | Offered knowledge of Searing Ray by Vehumet.
  5858 | D:5      | Reached skill level 9 in Earth Magic
  5878 | D:5      | Found a blossoming altar of Fedhas.
  5884 | D:5      | Noticed Grinder
  5897 | D:5      | Offered knowledge of Inner Flame by Vehumet.
  5898 | D:5      | Killed Grinder
  5899 | D:5      | Reached skill level 1 in Maces & Flails
  5899 | D:5      | Reached skill level 1 in Armour
  5899 | D:5      | Reached XP level 9. HP: 42/48 MP: 3/19
  6088 | D:5      | Reached *** piety under Vehumet
  6091 | D:5      | Reached skill level 5 in Conjurations
  6216 | D:5      | Offered knowledge of Dazzling Flash by Vehumet.
  6531 | D:5      | Reached **** piety under Vehumet
  6602 | D:5      | Offered knowledge of Fireball by Vehumet.
  6747 | D:5      | Found a shadowy altar of Dithmenos.
  7418 | D:6      | Found Varphucuf's Distillery.
  7716 | D:6      | Found a basalt altar of Yredelemnul.
  7861 | D:7      | Found a shimmering blue altar of Sif Muna.
  7992 | D:7      | Reached XP level 10. HP: 56/56 MP: 18/21
  7999 | D:7      | Found a white marble altar of Elyvilon.
  8005 | D:7      | Reached skill level 10 in Earth Magic
  8424 | D:8      | Reached ***** piety under Vehumet
  8426 | D:8      | Offered knowledge of Ozocubu's Refrigeration by Vehumet.
  8592 | D:8      | Noticed Psyche
  8595 | D:8      | Killed Psyche
  8769 | D:8      | Reached skill level 5 in Fighting
  8817 | D:8      | Found a glowing silver altar of Zin.
  9159 | D:8      | Found a sacrificial altar of Ru.
  9537 | D:8      | Found an iron altar of Okawaru.
  9884 | D:8      | Identified a scroll of acquirement
  9884 | D:8      | Acquired 799 gold pieces
 10022 | D:9      | Found a runed translucent door.
 10022 | D:9      | Noticed tulseluper's ghost (novice HOFi)
 10285 | D:9      | Found the sphere of Battle
 10287 | D:9      | Reached skill level 5 in Armour
 10442 | D:9      | Reached XP level 11. HP: 64/64 MP: 23/23
 10450 | D:9      | Learned a level 5 spell: Lee's Rapid Deconstruction
 10457 | D:9      | Found an opulent altar of Gozag.
 10479 | D:9      | Got Ytuprusith's Codex of Beckoning
 10523 | D:9      | Found a snail-covered altar of Cheibriados.
 10600 | D:9      | Found a broken altar of Ashenzari.
 10610 | D:9      | Identified the +9 morningstar "Bustrinie" {freeze, rC+
                  | Str+2}
 11046 | D:10     | Entered Level 10 of the Dungeon
 11153 | D:10     | Reached skill level 5 in Maces & Flails
 11549 | D:9      | Reached skill level 11 in Earth Magic
 12250 | D:11     | Noticed a cyclops
 12313 | D:11     | Found a staircase to the Lair.
 12321 | D:11     | Noticed a two-headed ogre
 12324 | D:11     | Killed a two-headed ogre
 12418 | D:11     | Killed a cyclops
 12460 | D:11     | Found a corrupted altar of Lugonu.
 12608 | D:11     | Noticed a cyclops
 12614 | D:11     | Killed a cyclops
 12695 | D:11     | Found Henes's Weapon Boutique.
 12695 | D:11     | Noticed a green ugly thing
 12700 | D:11     | Killed a green ugly thing
 12910 | D:11     | Found a staircase to the Orcish Mines.
 12997 | D:11     | Reached XP level 12. HP: 71/71 MP: 24/24
 13068 | D:11     | Noticed a two-headed ogre
 13072 | D:11     | Killed a two-headed ogre
 13073 | D:11     | Reached skill level 5 in Dodging
 13103 | D:11     | Noticed a two-headed ogre
 13106 | D:11     | Killed a two-headed ogre
 13107 | D:11     | Reached skill level 5 in Stealth
 13306 | D:12     | Noticed Urug
 13312 | D:12     | Killed Urug
 13314 | D:12     | Found a gate leading to a gauntlet.
 13325 | Gauntlet | Entered a Gauntlet
 13325 | Gauntlet | Found a transporter.
 13325 | Gauntlet | Found a transporter.
 13325 | Gauntlet | Found a runed translucent door.
 13325 | Gauntlet | Found a runed translucent door.
 13345 | Gauntlet | Found a transporter.
 13349 | Gauntlet | Found a transporter.
 13349 | Gauntlet | Found a transporter.
 13350 | Gauntlet | Found a transporter.
 13379 | Gauntlet | Found a runed translucent gate.
 13438 | Gauntlet | Found a runed translucent gate.
 13439 | Gauntlet | Found a runed translucent gate.
 13441 | Gauntlet | Found a transporter.
 13441 | Gauntlet | Found a transporter.
 13445 | Gauntlet | Found a transporter.
 13445 | Gauntlet | Found a transporter.
 13447 | Gauntlet | Noticed an entropy weaver
 13476 | Gauntlet | Noticed a thrashing horror
 13483 | Gauntlet | Noticed a thrashing horror
 13490 | Gauntlet | Found a transporter.
 13493 | Gauntlet | Found a transporter.
 13505 | Gauntlet | Killed a thrashing horror
 13506 | Gauntlet | Killed a thrashing horror
 13506 | Gauntlet | Offered knowledge of Orb of Destruction by Vehumet.
 13528 | Gauntlet | Identified the +5 trident of Beastly Valour {freeze, rPois
                  | rC+ Int+2 Stlth+}
 13528 | Gauntlet | Identified the amulet "Puyf" {Reflect Slay+5 SH+5}
 13528 | Gauntlet | Noticed a minotaur
 13534 | Gauntlet | Killed a minotaur
 13597 | D:12     | Noticed a two-headed ogre
 13599 | D:12     | Killed a two-headed ogre
 13655 | D:12     | Reached skill level 12 in Earth Magic
 13753 | D:12     | Found a frozen archway.
 13843 | IceCv    | Entered an ice cave
 13848 | IceCv    | Reached XP level 13. HP: 78/78 MP: 26/26
 13850 | IceCv    | Noticed a quicksilver ooze
 13856 | IceCv    | Killed a quicksilver ooze
 14428 | IceCv    | Noticed an azure jelly
 14451 | IceCv    | Killed an azure jelly
 14612 | IceCv    | Noticed an azure jelly
 14618 | IceCv    | Killed an azure jelly
 14620 | IceCv    | Found a viscous altar of Jiyva.
 14639 | IceCv    | Identified the ring "Nagoh" {rN+ rCorr Str-4 Int+2 Dex+6}
 14830 | D:12     | Got Uci Ried's Volume of Algor and Misery
 14979 | D:12     | You fall into a shaft and drop 1 floor!
 15183 | D:12     | Learned a level 7 spell: Orb of Destruction
 15270 | Orc:1    | Entered Level 1 of the Orcish Mines
 15333 | Orc:1    | Noticed Harold
 15336 | Orc:1    | Killed Harold
 15946 | Orc:2    | Entered Level 2 of the Orcish Mines
 15974 | Orc:2    | Noticed Jorgrun
 15978 | Orc:2    | Killed Jorgrun
 16341 | Orc:2    | Noticed Rupert
 16364 | Orc:2    | Killed Rupert
 16400 | Orc:2    | Reached ****** piety under Vehumet
 16656 | Orc:2    | Gained mutation: Your large and strong wings let you fly.
                  | [Gargoyle growth]
 16656 | Orc:2    | Reached XP level 14. HP: 71/86 MP: 27/27
 16666 | Orc:2    | Reached skill level 10 in Spellcasting
 16977 | Orc:2    | Found a staircase to the Elven Halls.
 17236 | Orc:2    | Offered knowledge of Starburst by Vehumet.
 17568 | Orc:2    | Reached skill level 10 in Conjurations
 17575 | Orc:2    | Reached skill level 13 in Earth Magic
 17750 | Orc:2    | Found Dugidytz's Book Shoppe.
 17750 | Orc:2    | Found Nopusk's Antique Weapon Emporium.
 17760 | Orc:2    | Found Zoilifeorch's Armour Emporium.
 17764 | Orc:2    | Found Haucs's Antique Weapon Shoppe.
 18611 | Lair:1   | Entered Level 1 of the Lair of Beasts
 18611 | Lair:1   | Noticed Sonja
 18613 | Lair:1   | Killed Sonja
 18853 | Lair:1   | Noticed Gastronok
 18857 | Lair:1   | Killed Gastronok
 20569 | Lair:2   | Found a staircase to the Snake Pit.
 20788 | Lair:2   | Found a staircase to the Shoals.
 20880 | Lair:2   | Reached skill level 10 in Fighting
 20953 | Lair:3   | Identified the +1 helmet of Experimentation {Regen+ Int-2
                  | Dex+6}
 21034 | Lair:3   | Offered knowledge of Bombard by Vehumet.
 22279 | Lair:4   | Reached XP level 15. HP: 80/92 MP: 29/29
 22282 | Lair:4   | Reached skill level 10 in Armour
 22416 | Lair:4   | Learned a level 6 spell: Bombard
 22814 | Lair:4   | Reached skill level 10 in Dodging
 23613 | Lair:5   | Entered Level 5 of the Lair of Beasts
 23616 | Lair:5   | Reached skill level 14 in Earth Magic
 25033 | Lair:5   | Found a staircase to the Slime Pits.
 25034 | Lair:5   | Found a viscous altar of Jiyva.
 25400 | Lair:5   | Reached skill level 10 in Maces & Flails
 25654 | Lair:5   | Found a burning altar of Makhleb.
 25735 | Lair:5   | Found a gateway to Hell.
 25744 | Lair:5   | Identified the +4 short sword of Quantum Leap {protect,
                  | Str-3 Int+6}
 26461 | D:13     | Offered knowledge of Plasma Beam by Vehumet.
 26857 | D:13     | Reached XP level 16. HP: 91/100 MP: 23/31
 27599 | D:14     | Noticed Agnes
 27601 | D:14     | Killed Agnes
 27826 | D:14     | Found a gate to the Vaults.
 28414 | D:14     | Identified the +3 flail of the Ship {flame, rPois Will+}
 28575 | D:15     | Entered Level 15 of the Dungeon
 28577 | D:15     | Found a shimmering blue altar of Sif Muna.
 28664 | D:15     | Identified the dragon-blood talisman of Beyond {*Slow rF+
                  | Str+8 Slay+5}
 28701 | D:15     | Reached skill level 15 in Earth Magic
 28897 | D:15     | Found a runed translucent door.
 28898 | D:15     | Noticed Kusiby's ghost (journeyman GrEE)
 28899 | D:15     | Identified the +6 trident of Vicret {flame, rPois rC++}
 29362 | D:15     | Learned a level 5 spell: Borgnjor's Vile Clutch
 29492 | D:15     | Offered knowledge of Conjure Ball Lightning by Vehumet.
 29503 | D:15     | Reached skill level 1 in Necromancy
 29704 | D:15     | Found a basalt altar of Yredelemnul.
 29954 | D:15     | Found a staircase to the Depths.
 30013 | D:15     | Found Yahweh's Dragon-Slaying Spoils.
 30283 | D:15     | Upgraded the game from 0.31-a0-1370-gf52a5a9ab3 to
                  | 0.31-a0-1388-g4b2ba238e7
 30331 | D:15     | Bought the quicksilver dragon scales of Jyddarue {Will+
                  | Slay+3} for 1432 gold pieces
 30570 | Snake:1  | Entered Level 1 of the Snake Pit
 30799 | Snake:1  | Identified the +1 leather armour of Philately {Str+4}
 31726 | Snake:2  | Reached skill level 5 in Necromancy
 31860 | Snake:3  | Reached XP level 17. HP: 104/106 MP: 19/33
 33228 | Shoals:1 | Entered Level 1 of the Shoals
 33439 | Shoals:1 | Noticed Nikola
 33453 | Shoals:1 | Killed Nikola
 34319 | Shoals:2 | Offered knowledge of Lehudib's Crystal Spear by Vehumet.
 35127 | Shoals:2 | Learned a level 8 spell: Lehudib's Crystal Spear
 36094 | Shoals:2 | Noticed a kraken
 36174 | Shoals:2 | Killed a kraken
 36700 | Shoals:3 | Reached skill level 16 in Earth Magic
 37204 | Shoals:3 | Found Yseusec's General Store.
 37215 | Shoals:3 | Bought a scroll of teleportation for 51 gold pieces
 37215 | Shoals:3 | Bought a potion of heal wounds for 85 gold pieces
 37335 | Shoals:3 | Reached XP level 18. HP: 114/114 MP: 27/34
 37492 | Shoals:3 | Offered knowledge of Shatter by Vehumet.
 37492 | Shoals:3 | Offered knowledge of Ignition by Vehumet.
 37492 | Shoals:3 | Offered knowledge of Maxwell's Capacitive Coupling by
                  | Vehumet.
 38678 | Shoals:4 | Entered Level 4 of the Shoals
 39296 | Shoals:4 | Identified the +1 robe "Ajifyig" {Regen+ SInv Archmagi}
 41654 | Shoals:4 | Got a barnacled rune of Zot
 41942 | Elf:1    | Entered Level 1 of the Elven Halls
 42437 | Elf:1    | Identified the serpent talisman of Wonder {Will+}
 42437 | Elf:1    | Noticed Aizul
 42475 | Elf:1    | Killed Aizul
 42983 | Elf:1    | Noticed Donald
 42988 | Elf:1    | Killed Donald
 43416 | Elf:2    | Found Qicau's Book Boutique.
 43650 | Elf:2    | Reached XP level 19. HP: 120/120 MP: 28/36
 44130 | Elf:2    | Reached skill level 17 in Earth Magic
 44315 | Elf:2    | Found a runed translucent gate.
 44315 | Elf:2    | Found a runed translucent gate.
 44338 | Elf:2    | Found a runed translucent gate.
 45376 | Elf:3    | Entered Level 3 of the Elven Halls
 46047 | Elf:3    | Found Pithaec's Assorted Antiques.
 46056 | Elf:3    | Bought a potion of heal wounds for 175 gold pieces
 47007 | Elf:3    | Identified the +7 bardiche "Porokk" {flame, *Noise rElec
                  | rPois rN+}
 47009 | Elf:3    | Reached skill level 15 in Conjurations
 47009 | Elf:3    | Reached XP level 20. HP: 128/128 MP: 24/38
 47009 | Elf:3    | Identified the +3 leather armour "Cotipote" {rF+}
 47022 | Elf:3    | Identified the +6 mace of Beastly Indomitability {venom,
                  | *Rage Will+++ Dex-2 SInv}
 47281 | Abyss:3  | Cast into level 3 of the Abyss (a deep elf sorcerer)
 47486 | Abyss:4  | Found a corrupted altar of Lugonu.
 47536 | Abyss:4  | Noticed a dread lich
 47609 | Abyss:4  | Noticed a Brimstone Fiend
 47610 | Elf:3    | Escaped the Abyss
 47929 | Elf:3    | Identified the +0 scale mail of Least Resistance {Will+}
 47932 | Elf:3    | Reached skill level 15 in Fighting
 48010 | Elf:3    | Identified the +1 dagger "Kedipnuph" {elec, Stlth+}
 48014 | Elf:3    | Identified the +5 plate armour of Lolog {rPois Int+5}
 48014 | Elf:3    | Identified the ring "Noaczona" {Fly rC++ MP+9}
 48162 | Elf:3    | Got the Directory of Glaciation and the Gargoyle
 48180 | Elf:3    | Identified the staff of Qefregody {rC+ Dex+3 Conj Alchemy}
 48385 | Elf:3    | Learned a level 9 spell: Shatter
 49423 | Snake:2  | Identified the +1 shortbow "Goblinbane" {drain, rPois
                  | Int+3}
 49577 | Snake:4  | Entered Level 4 of the Snake Pit
 49589 | Snake:4  | Reached skill level 18 in Earth Magic
 51290 | Snake:4  | Noticed Roxanne
 51294 | Snake:4  | Killed Roxanne
 52225 | Snake:4  | Reached skill level 15 in Armour
 52634 | Snake:4  | Reached XP level 21. HP: 134/134 MP: 20/39
 53035 | Snake:4  | Got a serpentine rune of Zot
 53431 | Vaults:1 | Entered Level 1 of the Vaults
 53739 | Vaults:1 | Reached skill level 15 in Spellcasting
 54039 | Vaults:1 | Reached skill level 19 in Earth Magic
 55153 | Vaults:1 | Found Udiokea's Weapon Boutique.
 55153 | Vaults:1 | Noticed Asterion
 55158 | Vaults:1 | Killed Asterion
 55666 | Vaults:2 | Noticed Zenata
 55671 | Vaults:2 | Killed Zenata
 55837 | Vaults:2 | Noticed Sojobo
 55841 | Vaults:2 | Killed Sojobo
 56217 | Vaults:2 | Noticed Xtahua
 56640 | Vaults:2 | Found a staircase to the Crypt.
 57120 | Vaults:2 | Killed Xtahua
 57912 | Vaults:2 | Acquired the +1 pair of gloves of Veza {rPois rN+++ Str-2
                  | Int-2}
 57997 | Vaults:3 | Reached skill level 20 in Earth Magic
 58986 | Vaults:3 | Reached XP level 22. HP: 140/140 MP: 29/42
 59338 | Vaults:3 | Found a large runed translucent door.
 59338 | Vaults:3 | Found a large runed translucent door.
 59338 | Vaults:3 | Noticed Heidiaz's ghost (adept MfBe)
 59338 | Vaults:3 | Noticed Ynkabiuw's ghost (adept TrCK)
 59375 | Vaults:3 | You are sucked into a shaft and drop 1 floor!
 59528 | Vaults:4 | Found a magical portal.
 59604 | WizLab   | Entered Cigotuvi's Fleshworks
 59886 | WizLab   | Gained mutation: Your health recovers twice as slowly from
                  | being drained. [mutagenic glow]
 59900 | WizLab   | Gained mutation: Your body sometimes deteriorates upon
                  | taking damage. [mutagenic glow]
 59917 | WizLab   | Gained mutation: Your body often deteriorates upon taking
                  | damage. [mutagenic glow]
 59930 | WizLab   | Gained mutation: Your muscles are strong. (Str +4, Int/Dex
                  | -1) [mutagenic glow]
 60252 | WizLab   | Got Cigotuvi's Lectures on the Adder and the Charnel House
 61750 | WizLab   | Found the +4 Cigotuvi's embrace {Corpsefed rMiasma ^Drain
                  | rN+}
 62186 | Vaults:4 | Reached skill level 21 in Earth Magic
 62713 | Vaults:4 | Identified the +9 mace of Efar {drain, rF+ rC- Stlth+}
 64468 | Vaults:4 | Reached XP level 23. HP: 144/144 MP: 7/44
 64932 | Vaults:5 | Entered Level 5 of the Vaults
 64933 | Vaults:5 | Noticed a golden dragon
 64935 | Vaults:5 | Reached skill level 22 in Earth Magic
 65049 | Vaults:5 | Killed a golden dragon
 65050 | Vaults:5 | Identified the +4 long sword "Naown" {elec, rElec rPois
                  | rC++ Str-3}
 65209 | Vaults:5 | Noticed an ancient lich
 65323 | Vaults:5 | Killed an ancient lich
 65597 | Vaults:5 | Reached XP level 24. HP: 152/152 MP: 40/45
 65611 | Vaults:5 | Got a silver rune of Zot
 65822 | Vaults:5 | Identified the +8 hand axe of Sorgh {heavy, rPois Will+}
 66025 | Vaults:5 | Identified the ring of Hoettet {rN+ Str+4 Int+6 Dex+2}
 66048 | Vaults:5 | Identified the staff of the Ship {rC+ Stlth+ Ice}
 66124 | Vaults:5 | Identified the +5 short sword "Conservator" {venom, Int+3}
 66187 | Vaults:5 | Identified the +0 robe of Integrity {Int+3}
 67060 | Vaults:3 | Identified the amulet "Mitygeig" {Faith ^Contam Fly rN+++
                  | Str-5}
 67125 | Vaults:3 | Identified the amulet "Hulepnupp" {Spirit rPois rC++}
 67127 | Vaults:3 | Identified the +1 leather armour "Pibymulang" {rC+ rN++
                  | Int+2}
 67599 | D:15     | Acquired 1264 gold pieces
 67840 | Slime:1  | Entered Level 1 of the Pits of Slime
 68169 | Slime:1  | Learned a level 8 spell: Ignition
 68182 | Slime:2  | Reached skill level 1 in Fire Magic
 68197 | Slime:1  | Reached skill level 23 in Earth Magic
 68591 | Crypt:1  | Entered Level 1 of the Crypt
 68848 | Crypt:1  | Reached skill level 5 in Fire Magic
 70288 | Crypt:2  | Noticed Margery
 70295 | Crypt:2  | Killed Margery
 70783 | Crypt:2  | Reached skill level 10 in Fire Magic
 71333 | Crypt:3  | Entered Level 3 of the Crypt
 71922 | Crypt:3  | Reached XP level 25. HP: 159/159 MP: 41/45
 71954 | Crypt:3  | Identified the +8 trident of Wiusurcho {flame, Str+3 Int+2
                  | SInv}
 72106 | Crypt:3  | Identified the ring of Virtue {rElec rC+ rN+ Str+3}
 72106 | Crypt:3  | Identified the ring "Malaacyl" {rF+ rN+ Dex+6 Stlth+}
 72237 | Crypt:3  | Found a staircase to the Tomb.
 72529 | Crypt:3  | Identified the amulet "Usesch" {Faith +Inv rPois Str+5
                  | Dex-2}
 73061 | Crypt:3  | Found the +8 demon blade "Leech" {evervamp, Harm ^Drain
                  | rN+}
 73273 | Crypt:3  | Found an ancient bone altar of Kikubaaqudgha.
 73354 | Crypt:3  | Noticed an ancient lich
 73358 | Crypt:3  | Killed an ancient lich
 73372 | Crypt:3  | Identified the ring "Maikefet" {rC+ rCorr}
 73567 | Tomb:1   | Entered Level 1 of the Tomb of the Ancients
 73718 | Tomb:1   | Noticed a royal mummy
 73720 | Tomb:1   | Noticed a royal mummy
 73721 | Tomb:1   | Noticed a royal mummy
 73722 | Tomb:1   | Killed a royal mummy
 73723 | Tomb:1   | Noticed a royal mummy
 73724 | Tomb:1   | Killed a royal mummy
 73725 | Tomb:1   | Killed a royal mummy
 73726 | Tomb:1   | Killed a royal mummy
 74430 | Tomb:1   | Noticed a royal mummy
 74709 | Tomb:1   | Noticed a royal mummy
 74714 | Tomb:1   | Killed a royal mummy
 75426 | Tomb:1   | Noticed a royal mummy
 75430 | Tomb:1   | Killed a royal mummy
 75431 | Tomb:1   | Reached skill level 15 in Fire Magic
 75476 | Tomb:1   | Noticed a royal mummy
 75484 | Tomb:1   | Killed a royal mummy
 75651 | Tomb:1   | Noticed a royal mummy
 75651 | Tomb:1   | Noticed a royal mummy
 75652 | Tomb:1   | Noticed a royal mummy
 75652 | Tomb:1   | Noticed a royal mummy
 75653 | Tomb:1   | Noticed a royal mummy
 75654 | Tomb:1   | Killed a royal mummy
 75654 | Tomb:1   | Killed a royal mummy
 75655 | Tomb:1   | Noticed a royal mummy
 75656 | Tomb:1   | Killed a royal mummy
 75656 | Tomb:1   | Killed a royal mummy
 75657 | Tomb:1   | Killed a royal mummy
 75657 | Tomb:1   | Killed a royal mummy
 76002 | Tomb:2   | Noticed a royal mummy
 76002 | Tomb:2   | Noticed a royal mummy
 76002 | Tomb:2   | Noticed a royal mummy
 76007 | Tomb:2   | Noticed a royal mummy
 76009 | Tomb:2   | Killed a royal mummy
 76010 | Tomb:2   | Killed a royal mummy
 76013 | Tomb:2   | HP: 3/159 [royal mummy/divine providence (15)]
 76013 | Tomb:2   | Mangled by a caustic shrike zombie

Illustrated notes

Levels and vault maps discovered:
D:1:      dpeg_cavernosity, layout_basic,
          shapermc_ecumenical_altar_starsandcircs,
          nicolae_concentric_dashed_squares_wild, minmay_indecisive_spiral
D:2:      cheibrodos_pilgrimage, layout_loops_corners, basic_altar
D:3:      layout_loops_ring, marbit_many_paths, uniq_sigmund, uniq_natasha
D:4:      layout_gridville, temple_green, cheibrodos_sewer_entry_bend,
          minmay_fire_ice_demons
D:5:      lemuel_castle_with_subvaults [lemuel_castle_interior_original],
          layout_basic, amcnicky_altar_gilded, general_overflow_altar,
          nicolae_ossuary_entry_ruins, minmay_tree_intersection, uniq_grinder
D:6:      layout_rooms, mainiacjoe_overflow_alcove_2, serial_shops, shop,
          nicolae_elevator_lobby_asterisk
D:7:      layout_rooms, overflow_temple_1_default,
          mainiacjoe_overflow_six_doors_small, kennysheep_minor_cross
D:8:      layout_layer_cave, kennysheep_mini, nicolae_overflow_hidden_temple,
          zin_treasury, uniq_psyche
D:9:      layout_basic, nicolae_gozag_seed_capital,
          mainiacjoe_overflow_large_starburst, hellmonk_ghost_happy_afterlife,
          hellmonk_guarded_unrand_sphere_of_battle
D:10:     layout_big_octagon
D:11:     kennysheep_kobold_lugonu_temple, layout_irregular_city,
          lair_entry_dummy, david_orc_4, serial_shops, shop,
          kennysheep_big_empty_room, minmay_misc_feat_doors
D:12:     layout_basic, gauntlet_entry_generic, portal_ice_cave_rime, uniq_urug
D:13:     kennysheep_funnel, layout_loops_ring, kennysheep_generic_room_16
D:14:     layout_stronghold, david_vaults_2, minmay_misc_feat_more_columns,
          uniq_agnes
D:15:     gammafunk_enter_depths_forms, layout_basic,
          ebering_ghost_funeral_grove, hangedman_feature_mirror,
          nicolae_shop_dragon_depot
Temple:   nicolae_temple_ecumenical_triangle
Lair:1:   layout_loops_ring, lemuel_fruit_fields, uniq_gastronok, uniq_sonja
Lair:2:   layout_loops_ring, elwin_shoals_entry_rooms, dummy_snake_entry
Lair:3:   layout_small_grid, chequers_serial_rivers_marsh
Lair:4:   layout_roguey
Lair:5:   evil_forest, layout_cave_pods, nicolae_slime_entry_slimehenge
Shoals:1: layout_shoals, uniq_nikola
Shoals:2: layout_shoals, nicolae_shoals_pincushion_passage
Shoals:3: layout_shoals, serial_shops, nicolae_square_shop
Shoals:4: shoals_end_hangedman, layout_shoals
Snake:1:  layout_grid_maze, grunt_megastairs_1
Snake:2:  layout_cave_shapes
Snake:3:  layout_onion_interference
Snake:4:  snake_pit_salamanders_mu, layout_cave_town,
          nicolae_snake_guarding_the_ruins, serial_bayou_shore_b, uniq_roxanne
Slime:1:  layout_caves
Slime:2:  layout_caves, cheibrodos_slime_lost_civilization_4
Orc:1:    layout_diamond_mine, uniq_harold
Orc:2:    st_orc_mages, layout_diamond_mine, uniq_rupert, uniq_jorgrun
Elf:1:    nicolae_elf_arrival_fired_up, layout_geoelf_grid,
          nicolae_elf_blasts_and_bolts, uniq_aizul, uniq_donald
Elf:2:    elven_hall_of_blades_hangedman_original
          [nicolae_blade_entry_pointy_end], layout_loops_cross, serial_shops,
          nicolae_lakefront_shop
Elf:3:    minmay_elf_hall_furrowed, layout_geoelf_grid, special_room
          [special_room_orc], serial_shops, shop
Vaults:1: nicolae_vaults_closet_pinwheel_1, nicolae_vaults_closet_pinwheel_5,
          nicolae_vaults_sesquioval_fish, vaults_room_pool, vaults_room_fours,
          nicolae_vaults_gold_heap, v_misc_9, nicolae_vaults_tetromino_L_1,
          nicolae_vaults_layer_cake_slice, vaults_dpeg_emergency_exit,
          layout_vaults_omnigrid, serial_shops, shop, uniq_asterion
Vaults:2: ontoclasm_vaults_chip, v_misc_16, v_alt_pattern_5,
          ontoclasm_vaults_shuriken, hangedman_vaults_maws,
          nicolae_vaults_more_shelving_2, nicolae_vaults_six-pack,
          nicolae_vaults_little_squares_5, nicolae_vaults_circle_grid_a,
          nicolae_vaults_shelves_hall, v_misc_13,
          nicolae_vaults_frosty_reception, minmay_crypt_entry_nasty_monster,
          layout_vaults_big_room, uniq_xtahua, uniq_sojobo, uniq_zenata
Vaults:3: advil_vaults_ghost_guards, hangedman_vaults_locks,
          nicolae_vaults_twisting_passages, vaults_standard_mumra_lines,
          minmay_orc_keep, ontoclasm_vaults_chip,
          nicolae_vaults_storing_the_good_stuff, nicolae_vaults_apartment_1,
          grunt_vaults_focal, v_rooms_4, ontoclasm_vaults_decontamination,
          layout_vaults_ring
Vaults:4: lightli_enter_wizlab_magi_temple, nicolae_vaults_stepped_doors,
          hangedman_surveillance_ring, nicolae_vaults_what_the_h,
          hangedman_vaults_trim, vaults_room_grid, nicolae_vaults_rhombus_6,
          nicolae_vaults_trapezoid_3, nicolae_vaults_rhombus_7, v_pattern_2,
          nicolae_vaults_little_squares_4, hangedman_vaults_river_flow,
          nicolae_vaults_double_plus_2, vaults_dpeg_hooks,
          nicolae_vaults_double_plus_3, layout_vaults_maze
Vaults:5
Crypt:1:  layout_rooms
Crypt:2:  layout_basic, minmay_large_rounded_square, grunt_megastairs_2,
          uniq_margery
Crypt:3:  quadcrypt_mu
Tomb:1
Tomb:2

Skill      XL: |  1  2  3  4  5  6  7  8  9 10 11 12 13 14 15 16 17 18 19 20 21 22 23 24 25 |
---------------+----------------------------------------------------------------------------+-----
Fighting       | 1 2 3 5 6 8 9 10 11 12 13 14 15 16 | 16.5
Earth Magic    | 4 5 6 7 9 10 11 12 13 14 15 16 17 18 20 21 22 23 | 23.0
Dodging        | 2 4 6 8 9 10 11 | 11.2
Spellcasting   | 3 4 5 6 7 8 9 10 11 12 13 14 16 17 18 | 18.3
Conjurations   | 2 4 5 7 8 9 10 11 12 13 14 15 16 17 19 20 | 20.3
Maces & Flails | 1 3 4 5 7 8 9 10 11 12 13 14 | 14.1
Armour         | 1 3 5 6 7 8 9 10 11 12 13 15 16 | 16.2
Stealth        | 4 6 7 |  7.0
Necromancy     | 5 6 |  6.3
Fire Magic     | 11 16 | 16.5
Alchemy        | |  0.7

Action                     |  1- 3 |  4- 6 |  7- 9 | 10-12 | 13-15 | 16-18 | 19-21 | 22-24 | 25-27 || total
---------------------------+-------+-------+-------+-------+-------+-------+-------+-------+-------++-------
  Melee: Unarmed           |    37 |       |       |       |       |       |       |       |       ||    37
         Club              |    26 |       |       |       |       |       |       |       |       ||    26
         Short sword       |       |     4 |       |       |       |       |       |       |       ||     4
         Dagger            |       |     2 |       |       |       |       |       |       |       ||     2
         Whip              |       |       |    40 |    11 |       |       |       |       |       ||    51
         Punch             |       |       |     2 |       |       |       |       |       |       ||     2
         Morningstar       |       |       |       |    41 |    34 |    56 |    22 |       |       ||   153
         Mace              |       |       |       |       |       |       |    46 |    66 |     8 ||   120
   Cast: Sandblast         |    38 |    72 |   228 |   115 |    24 |    24 |    20 |    33 |     2 ||   556
         Stone Arrow       |       |       |    15 |   103 |   361 |   289 |   129 |    24 |     1 ||   922
         Lee's Rapid Decon |       |       |       |    24 |   176 |   162 |   350 |   174 |    11 ||   897
         Bombard           |       |       |       |       |    19 |   215 |   180 |   320 |    96 ||   830
         Orb of Destructio |       |       |       |       |       |     1 |       |       |       ||     1
         Borgnjor's Vile C |       |       |       |       |       |     1 |       |       |       ||     1
         Lehudib's Crystal |       |       |       |       |       |       |     5 |    14 |    13 ||    32
         Shatter           |       |       |       |       |       |       |       |    41 |    28 ||    69
    Use: Scroll            |       |       |    22 |     6 |     7 |     8 |     7 |     5 |     2 ||    57
         Potion            |       |       |       |     2 |     2 |     8 |    15 |     3 |     1 ||    31
   Stab: Sleeping          |     2 |       |       |       |       |       |       |       |       ||     2
 Armour: Robe              |    38 |    22 |   110 |   121 |       |       |       |       |       ||   291
         Ring mail         |       |       |       |    41 |    92 |    21 |       |       |       ||   154
         Quicksilver drago |       |       |       |       |       |   462 |   476 |   352 |    97 ||  1387
  Dodge: Dodged            |    53 |    15 |    74 |    72 |    49 |   380 |   359 |   254 |    64 ||  1320

Table legend: (Time is in decaauts)
 A = Elapsed time spent in this place.
 B = Non-inter-level travel time spent in this place.
 C = Inter-level travel time spent in this place.
 D = Time resting spent in this place.
 E = Time spent auto-exploring this place.
 F = Levels seen in this place.
 G = Mean time per level.
                   A        B        C        D        E       F      G
               +--------+--------+--------+--------+--------+-----+--------+
         Total |  76463 |  72871 |   3592 |      0 |  55289 |  53 | 1442.7 |
       Dungeon |  18549 |  17020 |   1529 |      0 |  12327 |  15 | 1236.6 |
        Temple |      7 |      3 |      4 |      0 |      0 |   1 |    7.0 |
          Lair |   8258 |   7380 |    878 |      0 |   6307 |   5 | 1651.6 |
        Shoals |   8542 |   8450 |     92 |      0 |   6932 |   4 | 2135.5 |
     Snake Pit |   7103 |   6891 |    212 |      0 |   4947 |   4 | 1775.8 |
    Slime Pits |    416 |    416 |      0 |      0 |    270 |   2 |  208.0 |
  Orcish Mines |   3437 |   3264 |    173 |      0 |   2175 |   2 | 1718.5 |
   Elven Halls |   6264 |   6035 |    229 |      0 |   4509 |   3 | 2088.0 |
        Vaults |  12186 |  11869 |    317 |      0 |   9751 |   5 | 2437.2 |
         Crypt |   5096 |   4945 |    151 |      0 |   4009 |   3 | 1698.7 |
          Tomb |   2017 |   2015 |      2 |      0 |   1515 |   2 | 1008.5 |
         Abyss |    270 |    270 |      0 |      0 |      0 |   2 |  135.0 |
         Sewer |    376 |    376 |      0 |      0 |    172 |   1 |  376.0 |
       Ossuary |    318 |    318 |      0 |      0 |    115 |   1 |  318.0 |
      Ice Cave |    899 |    899 |      0 |      0 |    541 |   1 |  899.0 |
        Wizlab |   2492 |   2492 |      0 |      0 |   1717 |   1 | 2492.0 |
      Gauntlet |    224 |    224 |      0 |      0 |      0 |   1 |  224.0 |
               +--------+--------+--------+--------+--------+-----+--------+

Top non-repeatable levels by time:
 Snake:4: 3577 daAuts
Vaults:4: 3397 daAuts
Vaults:2: 3115 daAuts
   Elf:3: 2738 daAuts
Shoals:4: 2721 daAuts
Shoals:2: 2714 daAuts
  Lair:5: 2646 daAuts
 Crypt:3: 2590 daAuts
  WizLab: 2492 daAuts
   Orc:2: 2420 daAuts
Vaults:3: 2293 daAuts
Vaults:1: 2213 daAuts
Shoals:3: 2043 daAuts
   Elf:2: 2025 daAuts
 Snake:1: 2015 daAuts
